 Dungeon Crawl Stone Soup version 0.17.1-3-g152610e (webtiles) character file.

196 ololoev the Skirmisher (level 5, 0/42 HPs)
             Began as a Mummy Chaos Knight on May 4, 2016.
             Slain by a giant frog skeleton (3 damage)
             ... on level 4 of the Dungeon.
             The game lasted 00:06:23 (2320 turns).

ololoev the Skirmisher (Mummy Chaos Knight)         Turns: 2320, Time: 00:06:23

Health: 0/42       AC:  6    Str: 16    XL:     5   Next: 46%
Magic:  5/5        EV: 14    Int: 11    God:    Xom [..*...]
Gold:   82         SH:  0    Dex: 12    Spells: 0 memorised, 4 levels left

rFire  x . .     SeeInvis .     a - +0 mace (chaos)
rCold  + . .     Clarity  .     b - +2 leather armour
rNeg   + + +     SustAt   .     (no shield)
rPois  ∞         Gourm    .     m - +0 helmet
rElec  .         Spirit   .     (no cloak)
rCorr  .         Warding  .     (no gloves)
rMut   .         Stasis   .     (no boots)
MR     .....                    (no amulet)
Stlth  +.........               (no ring)
                                n - +2 ring of evasion

@: not resistant to hostile enchantments, very unstealthy
A: no food or potions, fire vulnerability, cold resistance 1, negative energy
resistance 3, torment resistance, unbreathing
a: Renounce Religion


Innate Abilities, Weirdness & Mutations

You do not eat or drink.
Your flesh is vulnerable to fire.
You are immune to poison.
Your flesh is cold resistant.
You are immune to negative energy.
You are immune to unholy pain and torment.
You can survive without breathing.

Inventory:

Hand Weapons
 a - a +0 mace of chaos (weapon)
Armour
 b - a +2 leather armour (worn)
 m - a +0 helmet (worn)
Jewellery
 n - a +2 ring of evasion (left hand)
Wands
 f - a wand of frost (0)
 h - a wand of magic darts (29)
Scrolls
 c - 5 scrolls of identify {unknown}
 d - 3 scrolls of teleportation {unknown}
 e - 8 scrolls of remove curse {unknown}
 g - a scroll of magic mapping {unknown}
 i - a scroll of noise {unknown}
 j - a scroll of blinking {unknown}
 k - a scroll of fog {unknown}
 l - 2 scrolls of enchant weapon {unknown}


   Skills:
 + Level 4.0 Fighting
 + Level 3.3 Maces & Flails
 + Level 2.5 Armour
 + Level 2.4 Dodging


You had 4 spell levels left.
You didn't know any spells.


You were on level 4 of the Dungeon.
You worshipped Xom.
You were a toy of Xom.
You were not hungry.

You visited 1 branch of the dungeon, and saw 4 of its levels.

You collected 82 gold pieces.

... ###.### #
....... .##
###.###.##..##
#...# ....>..#
#.#.###.#...#
#.#.†.....$.#
#.###.#)#...#
#.# #@#O# ..#
#<# #Z#.#.(.##
#.#
#..........
#.#
#####.#.###
#.# .# #.# .
#.. .. ### ##

Notes
Turn   | Place    | Note
--------------------------------------------------------------
     0 | D:1      | ololoev the Mummy Chaos Knight began the quest for the Orb.
     0 | D:1      | Reached XP level 1. HP: 18/18 MP: 1/1
   142 | D:1      | Reached skill level 1 in Dodging
   270 | D:1      | XOM: silly message
   307 | D:1      | Reached XP level 2. HP: 22/24 MP: 2/2
   420 | D:1      | XOM: harmless Ice miscast
   425 | D:1      | Noticed a giant frog
   425 | D:1      | an ooze changed into a giant frog
   430 | D:1      | Killed a giant frog
   430 | D:1      | Reached XP level 3. HP: 12/29 MP: 3/3
   430 | D:1      | Reached XP level 4. HP: 14/35 MP: 4/4
   433 | D:1      | XOM: silly message
   624 | D:2      | Found a shadowy altar of Dithmenos.
   680 | D:2      | XOM: god gift: worn glass wand {god gift}
   911 | D:2      | XOM: medium Summ miscast
   912 | D:2      | Noticed a small abomination
   912 | D:2      | Noticed a small abomination
   922 | D:1      | XOM: mild Chrm miscast
  1115 | D:2      | XOM: colour smoke trail
  1156 | D:2      | XOM: harmless Tloc miscast
  1381 | D:3      | XOM: colour smoke trail
  1457 | D:3      | Found a shimmering altar of Xom.
  1457 | D:3      | Found a basalt altar of Yredelemnul.
  1457 | D:3      | Found a deep blue altar of Sif Muna.
  1530 | D:3      | Noticed an ogre
  1545 | D:3      | XOM: mild Trmt miscast
  1553 | D:3      | XOM: enchant monster (good)
  1579 | D:3      | XOM: confuse monster(s)
  1726 | D:3      | Reached XP level 5. HP: 42/42 MP: 5/5
  1728 | D:3      | Reached skill level 4 in Fighting
  1746 | D:3      | XOM: harmless Air miscast
  1833 | D:3      | XOM: mild Air miscast
  2153 | D:3      | XOM: harmless Summ miscast
  2309 | D:4      | Noticed an ogre
  2316 | D:4      | Xom revived you
  2320 | D:4      | Slain by a giant frog skeleton

Dungeon Overview and Level Annotations

Branches:
Dungeon (4/15)
 Temple: D:4-7

Altars:
Dithmenos
Sif Muna
Xom
Yredelemnul


Message History

You barely miss the ogre. The ogre closely misses you.
You barely miss the ogre. The giant frog skeleton hits you.
The ogre misses you.
You barely miss the ogre.
The giant frog skeleton completely misses you.
The giant frog skeleton misses you. The ogre hits you with a giant club!!
Ouch! That really hurt!
You are too injured to fight recklessly!
You are too injured to fight recklessly!
You are too injured to fight recklessly!
You are too injured to fight recklessly!
You are too injured to fight recklessly!
You are too injured to fight recklessly!
You are too injured to fight recklessly!
You are too injured to fight recklessly!
You are too injured to fight recklessly!
You are too injured to fight recklessly!
You are too injured to fight recklessly!
You are too injured to fight recklessly!
You are too injured to fight recklessly!
You are too injured to fight recklessly!
You are too injured to fight recklessly!
You are too injured to fight recklessly!
The giant frog skeleton barely misses you.
You see here a club.
The giant frog skeleton hits you.
Evoke which item? (* to show all) (? for menu, Esc to quit)
Okay, then.
You hit the giant frog skeleton. You burn the giant frog skeleton.
The giant frog skeleton hits you.
You die... "Oh, no, you don't!"
Xom revives you!
Unknown command.
Unknown command.
Unknown command.
The giant frog skeleton barely misses you.
Found 16 stones.
The giant frog skeleton hits you.
You die...

You could see a giant frog skeleton.

Vanquished Creatures
  A giant frog (D:1)
  2 orc priests (D:3)
  2 adders
  3 worms
  4 orcs (D:3)
  8 giant cockroaches
  4 hobgoblins
  4 jackals (D:3)
  5 bats
  14 goblins
  5 kobolds
52 creatures vanquished.

Vanquished Creatures (others)
  A jackal (D:3)
1 creature vanquished.

Grand Total: 53 creatures vanquished

Action                   |  1- 3 |  4- 6 || total
-------------------------+-------+-------++-------
Melee: Mace              |    28 |   115 ||   143
Evoke: Wand              |       |    15 ||    15
 Stab: Paralysed         |       |     3 ||     3

Vault maps used:
D:1:      elethiomel_arrival_shortcut
D:2:      nicolae_dithmenos_through_a_glass_darkly
D:3:      gammafunk_temple_overflow_forgotten, first_bread
D:4:      lemuel_statue_altar
